 Dungeon Crawl Stone Soup version 0.28-b1 (webtiles) character file.

Game seed: 6273577960953003684

220 Kaptain the Magician (level 6, -7/43 HPs)
             Began as a Djinni Earth Elementalist on Jan 26, 2022.
             Mangled by a scorpion (10 damage)
             ... on level 5 of the Dungeon.
             The game lasted 00:11:51 (5402 turns).

Kaptain the Magician (Djinni Earth Elementalist)    Turns: 5402, Time: 00:11:52

Health: -7/43      AC:  4    Str:  7    XL:     6   Next: 18%
Gold:   197        EV: 12    Int: 19    God:
                   SH:  0    Dex: 13

rFire   + + .      SeeInvis .   t - +4 quarterstaff (chaos)
rCold   x . .      Faith    .   (shield currently unavailable)
rNeg    . . .      Spirit   .   n - +0 leather armour
rPois   ∞          Reflect  .   (no helmet)
rElec   .          Harm     .   u - +0 cloak
rCorr   .          Rampage  .   (no gloves)
Will    .....                   (boots unavailable)
Stlth   ++........              (no amulet)
HPRegen 0.14/turn               l - ring of wizardry
MPRegen 0.00/turn               (no ring)

@: flying
A: sickness immunity, fire resistance 2, cold vulnerability 1, float, innate
caster, hp casting, extra vitality 1
a: no special abilities


You were on level 5 of the Dungeon.
You visited 2 branches of the dungeon, and saw 6 of its levels.

You collected 197 gold pieces.

Inventory:

Hand Weapons
 g - a +0 short sword
 i - a +1 dagger of venom
 q - a +0 long sword
 t - a +4 quarterstaff of chaos (weapon)
Missiles
 b - 5 javelins
 c - 101 stones
Armour
 h - quicksilver dragon scales
 n - a +0 leather armour (worn)
 p - a scarf of resistance
 u - a +0 cloak (worn)
Jewellery
 l - a ring of wizardry (left hand)
Scrolls
 e - a scroll of magic mapping {unknown}
 f - 2 scrolls of immolation {unknown}
 k - 4 scrolls of identify {unknown}
 o - 2 scrolls of fog {unknown}
 s - a scroll of noise {unknown}
Potions
 a - 2 potions of might {unknown}
 d - 2 potions of heal wounds {unknown}
 j - a potion of berserk rage {unknown}
 m - a potion of brilliance {unknown}
 r - a potion of attraction {unknown}


   Skills:
 + Level 1.8 Fighting
 + Level 1.9 Armour
 + Level 3.3 Dodging
 + Level 2.5 Stealth
 * Level 3.5 Spellcasting


You couldn't memorise any spells.
You knew the following spells:

 Your Spells              Type           Power      Damage    Failure   Level
a - Sandblast             Erth           32%        2d9       1%          1
b - Passwall              Tmut/Erth      13%        N/A       3%          2
c - Stone Arrow           Conj/Erth      32%        3d9       6%          3
d - Petrify               Tmut/Erth      16%        N/A       21%         4
e - Slow                  Hex            64%        N/A       1%          1
f - Ensorcelled Hibernat  Hex/Ice        32%        N/A       3%          2
Your spell library was empty.

Dungeon Overview and Level Annotations

Branches:
Dungeon (5/15)             Temple (1/1) D:4

Altars:
Cheibriados
Dithmenos
Elyvilon
Fedhas
Kikubaaqudgha
Makhleb
Nemelex Xobeh
Okawaru
Qazlal
Sif Muna
Trog
Wu Jian
Xom
Yredelemnul
Zin
The Shining One

Shops:
D:1 *   D:5 [


Innate Abilities, Weirdness & Mutations

You are immune to sickness and miasma.
You are immune to poison.
Your flesh is very heat resistant. (rF++)
You are vulnerable to cold. (rC-)
You float through the air rather than walking.
You learn spells naturally, not from books.
Your magical power is your life essence.
You have superior vitality. (+4 MHP)


Message History

Crazy Yiuf hits you with a +4 quarterstaff of chaos!
Casting: Stone Arrow (dangerous; 6% risk of failure)
Confirm with . or Enter, or press ? or * to list all spells.
Aiming: Stone Arrow (dangerous; 6% risk of failure)
Press: ? - help, Shift-Dir - straight line, f/p - Crazy Yiuf
Aim: Crazy Yiuf, wielding a +4 quarterstaff of chaos and wearing a +0 cloak (almost dead, 72% to hit)
The stone arrow hits Crazy Yiuf!
You kill Crazy Yiuf!
Unknown command.
There is an open translucent door here.
Things that are here:
a +4 quarterstaff of chaos; a +0 cloak
t - a +4 quarterstaff of chaos;
u - a +0 cloak Your +1 dagger of venom stops dripping with poison.
Your +4 quarterstaff of chaos is briefly surrounded by a scintillating aura of random colours.
t - a +4 quarterstaff of chaos (weapon)
You start removing your armour.
You continue taking off your scarf of resistance. x4
You finish taking off your scarf of resistance.
You feel hot and cold all over.
You start putting on your armour.
You continue putting on your +0 cloak. x5
You finish putting on your +0 cloak.
You start resting.
HP restored.
Done exploring.
Done exploring.
There is an open translucent door here.
There is a stone staircase leading down here.
You fly downwards.
There is a stone staircase leading up here.
Found a stone staircase leading down.
Found Saodwu's Antique Armour Shoppe.
You hit the scorpion but do no damage.
The scorpion goes berserk!
The scorpion stings you. The scorpion stings you! x2
You closely miss the scorpion. The scorpion stings you!
* * * LOW HITPOINT WARNING * * *
The scorpion stings you!
* * * LOW HITPOINT WARNING * * *
You closely miss the scorpion. The scorpion stings you!
You die...

.... .....
..... ......
......######
.......<...#
######.....#
#.....+
#..@..#
#..s..#
........#
..........#
..........#
.>...8....#
......#####
...∩..


You could see a scorpion (berserk).

Vanquished Creatures
  Crazy Yiuf (D:4)
  An orc wizard (D:3)
  A hound skeleton (D:4)
  Robin (D:1)
  4 adders
  A worm (D:4)
  2 dart slugs
  9 orcs
  8 bats
  10 endoplasms
  A giant cockroach (D:2)
  11 goblins
  11 hobgoblins
  3 jackals (D:2)
  5 quokkas
  4 ball pythons
  2 frilled lizards
  6 kobolds
  7 rats
88 creatures vanquished.

Notes
Turn   | Place    | Note
-------+----------+-------------------------------------------
     0 | D:1      | Kaptain the Djinni Earth Elementalist began the quest for
                  | the Orb.
     0 | D:1      | Reached XP level 1. HP: 15/15 MP: 0/0
    78 | D:1      | Found Fyqonoreu's Assorted Antiques.
   228 | D:1      | Reached XP level 2. HP: 20/21 MP: 0/0
   740 | D:2      | Reached XP level 3. HP: 25/26 MP: 0/0
   740 | D:2      | Learned a level 1 spell: Slow
   779 | D:2      | Noticed Robin
   813 | D:1      | Killed Robin
   814 | D:1      | Reached skill level 1 in Armour
  1185 | D:1      | Reached skill level 1 in Fighting
  1347 | D:2      | Reached XP level 4. HP: 15/32 MP: 0/0
  2489 | D:3      | Reached XP level 5. HP: 27/37 MP: 0/0
  2489 | D:3      | Learned a level 2 spell: Ensorcelled Hibernation
  2984 | D:3      | Found a faded altar of an unknown god.
  4386 | D:4      | Found a staircase to the Ecumenical Temple.
  4392 | Temple   | Entered the Ecumenical Temple
  4606 | D:4      | Reached XP level 6. HP: 43/43 MP: 0/0
  5145 | D:4      | Found a runed translucent door.
  5146 | D:4      | Noticed Crazy Yiuf
  5189 | D:4      | Killed Crazy Yiuf
  5396 | D:5      | Entered Level 5 of the Dungeon
  5399 | D:5      | Found Saodwu's Antique Armour Shoppe.
  5402 | D:5      | Mangled by a scorpion

Illustrated notes

Levels and vault maps discovered:
D:1:      sevenhm_arrival_forest_fort_small_5, layout_rooms, serial_shops,
          nicolae_shop_stone
D:2:      layout_rooms, uniq_robin
D:3:      layout_loops_ring, ebering_ecumenical_altar_webs
D:4:      layout_loops_corners, minmay_temple_entry_fiery,
          uniq_crazy_yiuf_cottage
D:5:      layout_gridville, nzn_hepliaklqana_mist_gate, serial_shops,
          nicolae_stop_n_shop_1, kennysheep_mini, nicolae_shop_trees, shop,
          kennysheep_small_spiral, hellmonk_bongcloud_opening,
          minmay_starry_boxes
Temple:   bh_familiar_temple

Skill      XL: |  1  2  3  4 |
---------------+-------------+-----
Armour         | 1 |  1.9
Fighting       | 1 |  1.8
Stealth        | 2 |  2.5
Spellcasting   | 3 |  3.5
Dodging        | 3 |  3.3

Action                   |  1- 3 |  4- 6 || total
-------------------------+-------+-------++-------
Melee: Dagger            |     8 |   142 ||   150
       Punch             |       |     2 ||     2
       Quarterstaff      |       |     3 ||     3
 Cast: Sandblast         |    35 |    32 ||    67
       Stone Arrow       |     8 |     5 ||    13
 Stab: Sleeping          |       |     4 ||     4
Armor: Robe              |     3 |    22 ||    25
       Leather armour    |       |     9 ||     9
Dodge: Dodged            |    17 |    95 ||   112
